Map: Ephemeron LE

Players

Cure - Winner!

  • Race: Terran Terran
  • Spawn Location: 5:00

TYTY (TY)

  • Race: Terran Terran
  • Spawn Location: 11:00

Event: IEM Katowice 2020

VOD

Have the link to the VOD?

Description

Time

  • Played on: Feb. 28, 2020, 12:57 p.m.
  • Length: 39:49

All games in this series

Show
View Real Time Build Order
Export as new Build Order

Cure Terran - Winner!

Build Orders: Reaper Expand 

Get SALT Encoding   

  12  0:00  SCV  
  13  0:12  SCV  
  14  0:17  Supply Depot  
  14  0:25  SCV  
  15  0:38  SCV  
  15  0:40  Barracks  
  16  0:42  Refinery  
  16  0:50  SCV  
  17  1:02  SCV  
  18  1:14  SCV  
  19  1:26  Reaper  
  19  1:27  Orbital Command  
  20  1:40  Command Center  
  20  1:48  Supply Depot  
  20  1:52  SCV  
  21  1:58  Reaper  
  22  2:04  SCV, Refinery  
  23  2:16  SCV  
  23  2:19  Factory  
  24  2:29  SCV  
  24  2:37  Barracks Reactor  
  24  2:41  SCV  
  24  2:52  Orbital Command  
  24  2:53  SCV  
  25  3:03  Hellion  
  25  3:05  SCV  
  28  3:07  Starport  
  28  3:13  Marine x2  
  28  3:17  SCV  
  28  3:18  SCV, Refinery  
  32  3:24  Factory Tech Lab  
  32  3:29  SCV, Supply Depot  
  32  3:30  SCV  
  32  3:31  Marine x2  
  36  3:41  SCV  
  36  3:42  SCV, Supply Depot  
  36  3:43  Cyclone, Starport Tech Lab  
  41  3:48  Marine  
  41  3:49  Marine  
  41  3:53  SCV  
  44  3:56  SCV  
  44  4:02  Raven  
  47  4:05  SCV  
  47  4:08  SCV  
  49  4:11  Marine x2  
  51  4:17  SCV  
  51  4:20  SCV  
  51  4:21  Cyclone  
  56  4:29  Marine x2  
  56  4:30  SCV  
  56  4:33  SCV  
  52  4:42  SCV  
  52  4:44  Raven  
  52  4:45  SCV  
  55  4:46  Supply Depot  
  55  4:47  Marine x2  
  57  4:53  Siege Tank  
  57  4:54  SCV  
  57  4:57  SCV  
  62  5:06  SCV  
  61  5:09  SCV  
  61  5:13  Command Center  
  62  5:15  Marine x2  
  62  5:16  Supply Depot  
  62  5:18  SCV  
  66  5:21  SCV  
  66  5:25  Siege Tank  
  69  5:30  SCV  
  69  5:31  Refinery  
  70  5:38  SCV, Supply Depot, Marine x2, Raven  
  70  5:40  Supply Depot  
  70  5:42  SCV  
  76  5:50  SCV  
  76  5:54  SCV  
  77  6:02  SCV  
  77  6:03  Marine  
  77  6:04  Marine  
  76  6:06  SCV, Siege Tank  
  80  6:14  SCV, Barracks  
  80  6:15  Barracks  
  81  6:20  SCV  
  81  6:21  Engineering Bay  
  81  6:22  Engineering Bay  
  82  6:26  SCV  
  82  6:29  Orbital Command  
  83  6:34  SCV  
  83  6:37  Marine  
  83  6:38  Viking x2  
  83  6:39  SCV  
  90  6:42  Siege Tank  
  90  6:46  SCV  
  94  6:48  Terran Infantry Armor Level 1  
  94  6:50  Terran Infantry Weapons Level 1  
  94  6:51  SCV  
  95  6:56  SCV  
  95  6:58  Marine  
  95  7:00  Stimpack  
  97  7:03  SCV x2, Barracks Reactor  
  97  7:07  Barracks Reactor  
  97  7:08  SCV  
  99  7:15  SCV x2  
  98  7:16  Marine  
  98  7:20  SCV  
  98  7:21  Viking  
  97  7:30  SCV x2  
  97  7:32  SCV  
  97  7:34  Marine  
  101  7:41  Marine  
  101  7:42  SCV x2  
  104  7:44  SCV  
  104  7:45  Barracks x2  
  105  7:52  Marine x4  
  109  7:58  Supply Depot x2, Refinery  
  109  7:59  Refinery  
  109  8:02  SCV x3, Marine  
  113  8:10  Marine x2  
  113  8:11  Medivac, Missile Turret, Marine x2  
  117  8:20  SCV x3, Medivac  
  117  8:22  Missile Turret  
  122  8:32  SCV x3  
  125  8:34  Barracks Reactor x2  
  125  8:37  Armory  
  125  8:41  Marine x5  
  125  8:42  Supply Depot x2, Combat Shield  
  125  8:44  SCV x3  
  133  9:01  Command Center  
  133  9:03  SCV x3, Medivac, Sensor Tower, Siege Tank  
  133  9:04  Medivac  
  143  9:12  Marine x6  
  149  9:20  Supply Depot  
  149  9:21  Supply Depot x2  
  149  9:22  Supply Depot  
  149  9:24  Terran Infantry Weapons Level 2  
  149  9:27  Supply Depot  
  149  9:37  SCV  
  149  9:39  Marine x3  
  149  9:40  SCV, Marine x2  
  149  9:41  Marine, Siege Tank  
  149  9:42  Medivac x2, Factory  
  157  9:49  Marine x3  
  157  9:52  Terran Infantry Armor Level 2  
  160  9:53  Sensor Tower  
  160  9:57  Marine  
  160  9:58  Marine x4  
  165  10:02  Supply Depot  
  165  10:05  SCV x2  
  165  10:06  SCV  
  168  10:09  Marine x4  
  172  10:15  Viking x2  
  172  10:16  Siege Tank  
  179  10:26  Marine x4  
  182  10:34  Marine x4  
  182  10:37  SCV x3  
  185  10:48  Terran Vehicle Weapons Level 1  
  185  10:49  Marine x5  
  190  10:51  Marine x2  
  190  10:52  Marine x2, Starport x2  
  194  10:57  Viking, Refinery  
  194  11:00  Refinery  
  194  11:03  Planetary Fortress  
  196  11:07  Marine x4, Sensor Tower  
  200  11:25  Fusion Core  
  198  11:30  Factory Tech Lab  
  198  11:34  Command Center x2  
  198  11:39  Barracks Reactor  
  196  11:49  Marine  
  196  11:52  Starport Tech Lab x2  
  196  11:53  Viking  
  199  11:54  Terran Infantry Weapons Level 3  
  199  12:00  Marine x2  
  197  12:08  Command Center  
  197  12:10  Siege Tank  
  197  12:14  Missile Turret  
  200  12:16  Terran Infantry Armor Level 3  
  200  12:26  Corvid Reactor  
  200  12:33  Starport x2  
  198  12:49  Orbital Command  
  196  12:56  Command Center  
  196  12:57  Command Center  
  195  12:58  Armory, Terran Vehicle Weapons Level 2  
  195  13:08  Refinery  
  195  13:22  Planetary Fortress  
  195  13:26  Starport Reactor, Starport Tech Lab  
  192  13:30  Starport  
  192  13:38  Refinery  
  191  13:45  Rapid Reignition System  
  191  13:54  Terran Vehicle And Ship Armor Level 1  
  191  13:55  Sensor Tower  
  191  13:59  Starport  
  191  14:02  Orbital Command  
  191  14:07  Command Center  
  191  14:08  Siege Tank x2  
  191  14:09  Orbital Command, Sensor Tower  
  196  14:29  Starport Reactor  
  196  14:31  Neosteel Armor  
  196  14:40  Raven x2  
  196  14:42  Weapon Refit  
  198  14:47  Viking  
  200  14:53  Hi-Sec Auto Tracking  
  200  14:54  Planetary Fortress  
  198  15:07  Refinery  
  198  15:10  Raven, Refinery  
  198  15:13  Starport Reactor  
  200  15:14  Starport  
  200  15:20  Missile Turret  
  197  15:40  Missile Turret  
  197  15:42  Missile Turret  
  195  15:45  Viking, Raven  
  195  15:46  Viking  
  199  16:02  Sensor Tower  
  199  16:08  Orbital Command  
  199  16:09  Missile Turret  
  199  16:10  Missile Turret  
  199  16:19  Command Center  
  199  16:22  Missile Turret  
  184  16:36  Raven  
  184  16:37  Battlecruiser x2, Viking x5  
  184  16:38  Viking x3  
  195  16:42  Missile Turret  
  200  16:50  Terran Vehicle And Ship Armor Level 2  
  200  16:51  Terran Ship Weapons Level 1  
  200  16:54  Missile Turret  
  194  16:56  Missile Turret  
  194  17:07  Viking, Missile Turret  
  196  17:09  Sensor Tower  
  196  17:12  Missile Turret  
  196  17:13  Missile Turret  
  196  17:14  Viking x2  
  196  17:15  Viking  
  200  17:39  Refinery, Starport Tech Lab  
  200  17:40  Refinery, Missile Turret  
  200  17:41  Starport  
  200  17:42  Starport  
  200  17:45  Missile Turret  
  195  18:09  Planetary Fortress  
  195  18:11  Missile Turret  
  195  18:12  Missile Turret x2  
  192  18:13  Missile Turret  
  192  18:14  Missile Turret  
  192  18:16  Battlecruiser  
  192  18:21  SCV x4  
  192  18:27  Battlecruiser  
  197  18:38  Battlecruiser  
  196  18:45  Starport Tech Lab x2  
  196  18:47  Missile Turret  
  196  18:51  Missile Turret  
  196  18:59  Viking x2  
  200  19:07  Missile Turret  
  200  19:12  Missile Turret  
  200  19:13  Battlecruiser  
  200  19:14  Missile Turret  
  200  19:15  Missile Turret x2  
  200  19:16  Missile Turret  
  182  19:22  Battlecruiser x2  
  188  19:25  Terran Ship Weapons Level 2  
  187  19:32  Battlecruiser  
  192  19:43  Battlecruiser  
  195  20:10  Missile Turret  
  194  20:15  Missile Turret x2  
  194  20:16  Missile Turret  
  194  20:18  Missile Turret  
  189  20:22  Battlecruiser  
  195  20:41  Missile Turret  
  195  20:44  Missile Turret  
  195  20:45  Missile Turret  
  195  20:47  Terran Vehicle And Ship Armor Level 3  
  194  21:04  Missile Turret  
  194  21:06  Missile Turret x2  
  194  21:11  Missile Turret  
  191  21:19  Battlecruiser  
  195  21:28  Missile Turret x3  
  194  21:51  Battlecruiser x2  
  194  21:52  Missile Turret x2  
  200  21:57  Missile Turret  
  189  22:29  Battlecruiser x2  
  199  22:33  Terran Ship Weapons Level 3  
  196  23:09  Raven x2  
  198  23:24  Terran Vehicle Weapons Level 3  
  178  23:37  Battlecruiser  
  178  23:38  Battlecruiser x2, Siege Tank  
  198  23:58  Missile Turret  
  198  24:00  Missile Turret  
  198  24:02  Missile Turret  
  198  24:03  Missile Turret  
  198  24:04  Missile Turret  
  198  25:24  Siege Tank x2  
  194  25:30  Battlecruiser  
  197  25:55  Missile Turret x2  
  197  25:56  Siege Tank  
  200  25:57  Missile Turret  
  197  26:20  Siege Tank  
  200  26:40  Missile Turret  
  200  26:41  Missile Turret  
  200  26:45  Missile Turret  
  200  27:02  Command Center  
  200  27:03  Command Center  
  200  27:10  Missile Turret  
  200  27:16  Missile Turret  
  200  27:19  Missile Turret  
  200  27:33  Missile Turret  
  200  27:38  Missile Turret  
  200  27:41  Missile Turret  
  200  27:58  Missile Turret  
  200  28:00  Missile Turret  
  200  28:01  Missile Turret  
  199  28:17  Missile Turret  
  199  28:21  Orbital Command x2  
  199  28:22  Missile Turret  
  199  28:38  Missile Turret x2  
  196  28:43  Missile Turret  
  195  29:18  Missile Turret  
  195  29:21  Battlecruiser  
  199  29:41  Missile Turret  
  199  30:09  Siege Tank  
  198  30:14  Missile Turret  
  198  30:15  Missile Turret  
  198  30:17  Refinery  
  198  30:18  Siege Tank  
  189  31:29  Starport Tech Lab  
  180  31:59  Battlecruiser x3  
  198  32:04  Missile Turret x2  
  198  32:06  Viking  
  200  32:24  Missile Turret x2  
  200  32:51  Missile Turret  
  200  32:52  Missile Turret x2  
  200  32:53  Missile Turret  
  200  32:57  Missile Turret  
  200  33:12  Missile Turret x3  
  200  33:14  Missile Turret  
  200  33:17  Command Center  
  200  33:25  Orbital Command  
  200  33:27  Orbital Command  
  200  33:32  Missile Turret  
  198  33:45  Refinery  
  197  34:04  Missile Turret  
  194  34:30  Planetary Fortress  
  194  34:36  Missile Turret  
  194  34:46  Battlecruiser  
  194  34:47  Missile Turret  
  194  34:50  Missile Turret x2  
  200  34:56  Missile Turret  
  200  35:12  Missile Turret  
  200  35:13  Missile Turret  
  200  35:15  Missile Turret  
  200  35:16  Missile Turret  
  200  35:29  Refinery  
  200  35:32  Missile Turret  
  200  35:35  Missile Turret  
  199  35:43  Command Center  
  199  35:51  Missile Turret  
  199  35:54  Command Center  
  199  36:02  Sensor Tower  
  199  36:23  Missile Turret  
  198  36:33  Missile Turret  
  194  37:04  Battlecruiser  
  198  37:21  Raven x2  
  199  37:26  Raven  
  200  37:30  Planetary Fortress  
  200  37:32  Refinery  
  200  37:41  Command Center, Orbital Command  
  195  37:51  SCV  
  195  37:56  Raven x2  
  200  38:03  SCV  
  200  38:08  Missile Turret  
  180  38:22  Battlecruiser x2  
  180  38:23  Battlecruiser x2, Viking x4  
  180  38:25  Viking x2  
  156  38:28  Viking x2  
  156  38:31  Thor x2  
  126  38:39  Battlecruiser x2  
  110  38:42  Marine x10  
  116  38:52  Viking  
  116  38:53  Viking x2  
  116  38:58  Viking x2  
  116  38:59  Marine x4  
  116  39:00  Marine x2  
  116  39:01  Marine  
  89  39:14  Marine  
  90  39:21  Marine x2  
  90  39:23  Marine  
  90  39:26  Marine  
  90  39:29  Marine  
  90  39:31  Marine x2  
Show
View Real Time Build Order
Export as new Build Order

TYTY Terran 

Build Orders: Gas First Reaper Expand 

Get SALT Encoding   

  12  0:00  SCV  
  13  0:12  SCV  
  14  0:17  Supply Depot  
  14  0:24  SCV  
  14  0:28  Refinery  
  15  0:38  SCV  
  16  0:44  Barracks  
  16  0:50  SCV  
  17  1:03  SCV  
  18  1:15  SCV  
  19  1:31  Reaper  
  19  1:32  Orbital Command  
  20  1:46  Command Center  
  20  1:56  Factory  
  20  2:00  SCV  
  21  2:04  Barracks Reactor  
  21  2:12  Supply Depot  
  21  2:13  SCV  
  22  2:24  Refinery  
  22  2:25  SCV  
  22  2:37  SCV  
  23  2:45  Starport  
  23  2:50  SCV  
  24  2:51  Hellion x2  
  28  3:02  SCV  
  29  3:13  Hellion x2  
  29  3:14  Orbital Command  
  29  3:19  SCV  
  34  3:22  Medivac  
  34  3:23  Barracks Tech Lab  
  36  3:31  SCV, Refinery  
  37  3:36  Supply Depot  
  37  3:40  SCV  
  38  3:43  SCV  
  38  3:45  Cyclone  
  38  3:48  Marine  
  43  3:51  Marine  
  43  3:53  Starport Tech Lab  
  43  3:55  SCV  
  45  4:00  SCV  
  45  4:02  Supply Depot  
  46  4:05  Marine  
  46  4:07  SCV  
  46  4:09  Marine  
  48  4:12  SCV  
  48  4:15  Raven  
  50  4:19  SCV  
  51  4:24  SCV  
  51  4:25  Marine  
  51  4:26  Marine  
  51  4:31  SCV  
  53  4:36  SCV  
  50  4:43  SCV, Marine  
  50  4:44  Marine  
  49  4:47  Siege Tank  
  49  4:48  SCV  
  53  4:54  Supply Depot  
  53  4:55  SCV  
  53  4:58  Raven  
  56  5:01  SCV  
  56  5:02  Marine x2  
  59  5:07  SCV  
  59  5:13  SCV  
  61  5:19  SCV, Siege Tank  
  65  5:23  Marine x2  
  65  5:25  SCV  
  68  5:31  Refinery  
  68  5:35  Supply Depot  
  69  5:38  Command Center  
  69  5:39  Supply Depot  
  69  5:42  Raven  
  70  5:44  Marine  
  70  5:56  SCV x2, Marine, Siege Tank  
  75  6:08  SCV x2  
  77  6:20  SCV x2, Supply Depot  
  79  6:29  Siege Tank  
  82  6:32  SCV x2  
  82  6:40  Viking  
  82  6:42  Stimpack  
  82  6:43  Marine, Barracks  
  82  6:44  SCV x2, Engineering Bay  
  82  6:45  Engineering Bay, Barracks  
  87  6:51  Orbital Command  
  87  6:56  Viking  
  87  6:57  SCV  
  87  6:58  SCV  
  88  7:09  SCV  
  88  7:10  Viking, SCV  
  88  7:15  Siege Tank  
  95  7:21  SCV  
  96  7:22  Marine  
  96  7:23  SCV  
  96  7:24  SCV  
  100  7:31  Barracks Reactor  
  100  7:32  Barracks Reactor  
  99  7:37  SCV x2  
  99  7:38  SCV  
  99  7:40  Marine  
  94  7:47  Terran Infantry Weapons Level 1  
  94  7:49  SCV x2  
  94  7:50  SCV  
  92  7:55  Terran Infantry Armor Level 1  
  92  7:58  Marine  
  92  8:01  SCV x2  
  92  8:04  SCV  
  95  8:11  Marine x3  
  95  8:13  SCV x2, Missile Turret, Marine  
  95  8:16  SCV, Supply Depot, Marine  
  100  8:23  Refinery  
  100  8:25  SCV x2, Refinery  
  102  8:28  SCV, Siege Tank  
  106  8:35  Sensor Tower  
  106  8:37  SCV  
  106  8:40  SCV x2  
  109  8:43  Barracks  
  109  8:46  Viking  
  109  8:47  Barracks  
  109  8:48  Viking  
  117  8:58  Combat Shield  
  117  8:59  Supply Depot x2  
  117  9:00  SCV x3  
  116  9:12  SCV  
  116  9:13  Supply Depot  
  116  9:14  SCV, Supply Depot  
  117  9:21  SCV, Siege Tank  
  123  9:24  SCV  
  123  9:26  SCV, Supply Depot  
  123  9:27  Medivac x2  
  123  9:30  Command Center  
  126  9:31  Barracks Reactor  
  126  9:35  Marine x2  
  126  9:36  Barracks Reactor, SCV x2  
  126  9:42  SCV  
  125  9:46  Marine x3  
  125  9:48  SCV  
  125  9:49  Armory  
  129  9:54  Siege Tank  
  129  9:55  Marine x2  
  129  9:59  Medivac x2, Factory  
  138  10:04  Marine  
  138  10:05  SCV  
  142  10:08  Marine x3  
  142  10:09  Supply Depot x2  
  143  10:18  Marine x3  
  149  10:22  Marine x2  
  149  10:26  Barracks Reactor, Supply Depot  
  148  10:31  Marine  
  148  10:33  Viking x2  
  146  10:37  Terran Infantry Armor Level 2, Terran Infantry Weapons Level 2  
  146  10:38  SCV x3  
  146  10:40  Marine x2  
  150  10:43  Siege Tank  
  150  10:48  Sensor Tower  
  153  10:52  Siege Tank  
  153  10:55  Marine x2  
  153  10:56  Marine x3  
  161  10:58  SCV  
  161  11:01  SCV x2  
  163  11:06  Terran Vehicle Weapons Level 1  
  163  11:07  Viking  
  163  11:10  SCV  
  166  11:12  Marine  
  166  11:13  Marine x4  
  166  11:16  Planetary Fortress  
  170  11:22  Siege Tank  
  170  11:25  Viking  
  175  11:29  SCV x2  
  175  11:31  Refinery  
  181  11:33  SCV, Refinery  
  176  11:40  Starport  
  176  11:41  Viking, SCV x2, Starport  
  176  11:46  SCV  
  181  11:53  SCV  
  181  11:54  SCV  
  182  12:03  Marine  
  182  12:04  Supply Depot  
  182  12:07  Siege Tank x2  
  188  12:14  SCV  
  188  12:18  Starport Reactor x2, Supply Depot  
  188  12:21  Supply Depot  
  188  12:23  Command Center  
  188  12:26  Viking  
  191  12:37  Viking  
  191  12:39  Supply Depot, Missile Turret, Siege Tank  
  195  12:47  Missile Turret, Sensor Tower  
  195  12:49  Siege Tank  
  196  12:57  Terran Infantry Weapons Level 3, Terran Infantry Armor Level 3  
  196  12:58  Command Center  
  196  12:59  SCV x2  
  198  13:06  Missile Turret  
  198  13:07  Viking  
  200  13:19  Missile Turret  
  199  13:21  Missile Turret  
  199  13:24  Terran Vehicle Weapons Level 2  
  199  13:26  Fusion Core  
  198  13:27  Armory  
  197  13:36  Sensor Tower  
  197  13:39  Orbital Command  
  194  13:42  Viking  
  194  13:43  Refinery, Liberator  
  194  13:45  Refinery  
  199  13:50  SCV  
  200  14:06  Missile Turret  
  200  14:08  Missile Turret  
  200  14:10  Planetary Fortress  
  200  14:16  Terran Vehicle And Ship Armor Level 1  
  200  14:17  Command Center  
  200  14:20  Command Center  
  200  14:22  Command Center  
  200  14:32  Missile Turret, Command Center  
  199  14:58  Starport  
  199  15:00  Starport  
  199  15:05  Liberator  
  198  15:16  Viking  
  200  15:28  Missile Turret, Sensor Tower  
  200  15:34  Siege Tank, Missile Turret x2, Neosteel Armor  
  199  15:41  Terran Ship Weapons Level 1  
  196  15:48  Starport Tech Lab  
  196  15:49  Starport Tech Lab  
  199  15:56  Starport  
  199  15:58  Planetary Fortress  
  199  15:59  Refinery, Starport  
  199  16:03  Orbital Command x2  
  199  16:09  Refinery  
  199  16:10  Rapid Reignition System  
  199  16:12  Terran Vehicle And Ship Armor Level 2  
  199  16:14  Missile Turret  
  199  16:16  Missile Turret  
  195  16:25  Battlecruiser x2  
  159  16:41  Starport Tech Lab, Marine  
  159  16:42  Marine x2  
  159  16:43  Marine  
  159  16:44  Marine x4  
  159  16:46  Factory Tech Lab  
  166  16:52  Battlecruiser  
  170  17:00  Siege Tank  
  173  17:01  Marine  
  173  17:02  Marine x4  
  173  17:04  Marine x3  
  173  17:06  Advanced Ballistics  
  181  17:08  Marine x2  
  179  17:16  Viking x4  
  179  17:19  Marine  
  179  17:20  Marine  
  185  17:26  Orbital Command  
  197  17:30  Battlecruiser x2  
  197  17:32  Siege Tank  
  197  17:36  Command Center, Starport Tech Lab  
  200  17:44  Terran Ship Weapons Level 2  
  200  17:49  Missile Turret  
  197  18:05  Raven  
  195  18:06  Raven  
  197  18:17  Raven  
  193  18:54  Raven  
  193  18:55  Raven x2  
  194  18:57  Corvid Reactor  
  194  19:00  Missile Turret x3  
  194  19:01  Missile Turret  
  184  19:03  Viking x4  
  184  19:04  Siege Tank  
  184  19:07  Siege Tank  
  196  19:18  Smart Servos  
  196  19:20  SCV  
  195  19:28  Battlecruiser  
  199  19:33  Weapon Refit  
  199  19:36  SCV  
  200  19:44  Missile Turret x2  
  200  19:45  Missile Turret  
  200  19:47  Missile Turret  
  200  19:55  Planetary Fortress, Missile Turret  
  200  19:57  Missile Turret  
  200  20:13  Terran Ship Weapons Level 3, Terran Vehicle And Ship Armor Level 3  
  200  20:16  Missile Turret x2  
  200  20:17  Missile Turret  
  200  20:19  Missile Turret  
  200  20:22  Missile Turret  
  200  20:30  Refinery x2  
  200  20:48  Starport  
  200  20:49  Starport  
  200  20:52  Missile Turret  
  200  20:53  Missile Turret  
  200  21:04  Missile Turret  
  200  21:05  Missile Turret x2, Hi-Sec Auto Tracking  
  200  21:07  Missile Turret  
  200  21:15  Missile Turret  
  200  21:24  Missile Turret  
  200  21:25  Missile Turret x2  
  200  21:26  Missile Turret  
  200  21:30  Starport Tech Lab x2  
  199  21:36  Raven  
  183  21:47  Battlecruiser  
  183  21:52  Battlecruiser x2  
  199  21:55  Liberator  
  199  21:56  Liberator  
  199  21:59  Liberator  
  194  22:21  Viking  
  194  22:22  Viking  
  177  22:30  Battlecruiser  
  177  22:31  Battlecruiser  
  177  22:36  Drilling Claws, Widow Mine  
  191  22:42  Battlecruiser  
  191  22:43  Widow Mine  
  184  23:26  Widow Mine x3  
  179  23:27  Viking x2  
  179  23:33  Battlecruiser x2, Raven  
  188  23:38  Raven x2  
  192  23:47  Widow Mine x2  
  198  23:49  Widow Mine  
  195  24:16  Widow Mine x2  
  198  24:17  Viking  
  199  24:36  Command Center, Sensor Tower  
  199  24:37  Missile Turret  
  193  24:46  SCV  
  193  24:47  SCV x2  
  193  24:51  Raven x2  
  200  25:05  Missile Turret  
  200  25:06  Missile Turret  
  200  25:08  Missile Turret  
  200  25:56  Missile Turret  
  191  25:57  Missile Turret  
  191  26:12  Battlecruiser  
  197  26:22  Planetary Fortress  
  197  26:30  Missile Turret x2  
  197  26:32  Siege Tank  
  195  27:06  Refinery  
  195  27:11  Missile Turret, Refinery  
  195  27:34  Missile Turret  
  195  27:36  Missile Turret  
  187  27:57  Command Center  
  189  28:05  Siege Tank  
  189  28:08  SCV x5  
  194  28:31  Widow Mine x2  
  199  28:37  Siege Tank  
  192  29:09  SCV x4, Siege Tank  
  196  29:11  SCV x4  
  191  29:21  SCV x2  
  191  29:39  Viking x3  
  195  29:51  Missile Turret  
  190  29:53  Missile Turret  
  190  29:57  Missile Turret  
  190  29:59  Siege Tank  
  193  30:00  Widow Mine x2  
  195  30:21  Missile Turret  
  195  30:22  Missile Turret  
  195  30:23  Missile Turret  
  188  30:49  Missile Turret  
  186  30:58  Siege Tank  
  182  31:19  Battlecruiser  
  182  31:20  Battlecruiser x2  
  195  31:39  Battlecruiser x2  
  194  31:46  Widow Mine x2  
  194  31:47  Widow Mine  
  199  31:49  Missile Turret  
  199  31:50  Missile Turret  
  193  32:02  Missile Turret  
  193  32:04  Viking x3  
  192  32:38  Raven x2  
  192  32:40  Raven x2  
  194  34:40  Battlecruiser  
  189  35:08  Battlecruiser  
  189  35:12  Siege Tank  
  199  35:14  SCV x2  
  197  36:40  Siege Tank  
  193  37:24  Battlecruiser  
  195  38:19  Battlecruiser  
  193  38:20  Battlecruiser x2  
  193  38:25  Battlecruiser  
  95  38:44  SCV x2  
  95  38:45  SCV  
  74  39:19  Marine x4  
  74  39:20  Marine x4  

Tags
 
Add a new tag
Caveats
  • Supply blocks, unpowered buildings, or Contaminate may cause inaccurate times.
  • Supply counts are checked every 10 seconds.